[Event "Titled Tuesday Blitz April 11 Early 2023"]
[White "Martic, Ivan"]
[Black "Sailer, Mike"]
[WhiteFideId "929301"]
[BlackFideId "2012901"]
[WhiteElo "2360"]
[BlackElo "2109"]
[Result "1-0"]
[Round "01"]
[TimeControl "180+2"]
[Date "2023.04.11"]
[WhiteClock "0:00:09"]
[BlackClock "0:00:04"]

1. d4 d5 2. Nf3 Nf6 3. c4 Bf5 4. cxd5 Bxb1 5. Qa4+ Qd7 6. Qxd7+ Nbxd7 7. Rxb1 Nb6 8. e3 Nbxd5 9. a3 e6 10. Be2 Be7 11. O-O h6 12. Ne5 Nd7 13. Nxd7 Kxd7 14. Bd2 Rac8 15. e4 Nb6 16. d5 h5 17. dxe6+ Kxe6 18. Rfe1 g6 19. Rbc1 Rhd8 20. Bc3 Bf6 21. e5 Bg5 22. Rcd1 Nd5 23. Bc4 c6 24. g3 Ke7 25. Bd4 b6 26. f4 Bh6 27. Bf2 Ke8 28. Kg2 Bf8 29. e6 Bc5 30. exf7+ Kxf7 31. Bxc5 bxc5 32. Re5 Rb8 33. b3 Kf6 34. Rde1 Rd6 35. h3 Nb6 36. Re6+ Rxe6 37. Rxe6+ Kf5 38. Re5+ Kf6 39. Rxc5 Nxc4 40. Rxc6+ Kf5 41. bxc4 Rb2+ 42. Kf1 Ke4 43. Rxg6 Kf3 44. Ke1 Rc2 45. f5 Rxc4 46. f6 Ke3 47. Kd1 Rd4+ 48. Kc2 Rd2+ 49. Kc3 Rf2 50. Rh6 Ke4 51. Rxh5 Rf3+ 52. Kb4 Rxg3 53. f7 Rf3 54. Rh7 Ke5 55. a4 Ke6 56. Kb5 Rf5+ 57. Ka6 Rf4 58. a5 Rf5 59. h4 Rf4 60. Kxa7 Ke7 61. a6 Kf8 62. h5 1-0


[Site "https://www.chess.com"]

[Event "Titled Tuesday Blitz April 11 Early 2023"]
[White "Tarnowska, Aleksandra"]
[Black "Paszewski, Mateusz"]
[WhiteFideId "1180967"]
[BlackFideId "1141058"]
[WhiteElo "1776"]
[BlackElo "2223"]
[Result "0-1"]
[Round "01"]
[TimeControl "180+2"]
[Date "2023.04.11"]
[WhiteClock "0:00:02"]
[BlackClock "0:00:38"]

1. e4 c5 2. Nf3 Nc6 3. Bb5 g6 4. O-O Bg7 5. c3 e5 6. d3 Nge7 7. Be3 d6 8. d4 exd4 9. cxd4 O-O 10. Nc3 b6 11. Qd2 Bg4 12. d5 Nb8 13. Ne1 a6 14. Be2 Bxe2 15. Qxe2 b5 16. f4 Nd7 17. Nf3 h6 18. Rae1 b4 19. Nd1 Qa5 20. b3 Qb5 21. Qf2 f5 22. e5 Nxd5 23. exd6 Rae8 24. Bd2 Kh7 25. Nh4 Bd4 26. Be3 Nxe3 27. Nxe3 Qd3 28. Qg3 Rf6 29. Rf3 Rfe6 30. Kh1 Nf8 31. h3 Rxe3 32. Rfxe3 Rxe3 33. Rxe3 Qxe3 34. Qh2 Qe1+ 0-1


[Site "https://www.chess.com"]

[Event "Titled Tuesday Blitz April 11 Early 2023"]
[White "Cremisi, Daniel"]
[Black "Vanek, Tomas"]
[WhiteFideId "2089882"]
[BlackFideId "313459"]
[WhiteElo "2172"]
[BlackElo "2052"]
[Result "1-0"]
[Round "01"]
[TimeControl "180+2"]
[Date "2023.04.11"]
[WhiteClock "0:01:41"]
[BlackClock "0:01:02"]

1. d4 f5 2. Nc3 Nf6 3. Bg5 d5 4. Bxf6 exf6 5. e3 Be6 6. Bb5+ Nc6 7. Nge2 Bd6 8. Nf4 Bxf4 9. exf4 O-O 10. O-O Qd6 11. g3 Rae8 12. Qd2 Bd7 13. Rfe1 Nd8 14. Bd3 g6 15. a3 Kg7 16. b4 Nf7 17. b5 c5 18. dxc5 Qxc5 19. Bf1 d4 20. Na4 Qd5 21. Red1 Bxb5 22. Nc3 Qc5 23. Nxb5 Re4 24. Nxd4 Rd8 25. c3 1-0


[Site "https://www.chess.com"]

[Event "Titled Tuesday Blitz April 11 Early 2023"]
[White "Cramling Bellon, Anna"]
[Black "Bilan, Danila"]
[WhiteFideId "32009232"]
[BlackFideId "24161918"]
[WhiteElo "1972"]
[BlackElo "2182"]
[Result "0-1"]
[Round "01"]
[TimeControl "180+2"]
[Date "2023.04.11"]
[WhiteClock "0:00:10"]
[BlackClock "0:00:13"]

1. d4 d5 2. c4 c6 3. Nc3 Nf6 4. Nf3 e6 5. e3 Nbd7 6. Bd3 dxc4 7. Bxc4 b5 8. Bd3 b4 9. Ne4 Nxe4 10. Bxe4 Bb7 11. O-O Bd6 12. Bd2 Qb6 13. Rc1 O-O 14. Be1 Rac8 15. Nd2 Qc7 16. f4 c5 17. Bxb7 Qxb7 18. Nc4 Be7 19. Bg3 cxd4 20. exd4 Bf6 21. Nd6 Rxc1 22. Nxb7 Rxd1 23. Rxd1 Rc8 24. Be1 Rc2 25. Bxb4 Rxb2 26. a3 h5 27. Nc5 Nb6 28. Ne4 Nd5 29. Nxf6+ gxf6 30. Bd6 Rxg2+ 31. Kxg2 Ne3+ 32. Kf3 Nxd1 33. f5 Nb2 34. Bc5 Nc4 35. Bxa7 Nxa3 36. Bb6 Nc4 37. Bd8 Kg7 38. fxe6 fxe6 39. h4 Kg6 40. Kf4 Nd2 41. Be7 Nb3 42. Bd6 Nxd4 43. Ke4 Nf5 44. Be7 Nxe7 45. Kf4 Nf5 46. Kf3 Nxh4+ 47. Kg3 Nf5+ 48. Kh2 Kg5 49. Kh3 e5 50. Kh2 e4 51. Kh1 Kg4 52. Kh2 h4 53. Kh1 Kg3 54. Kg1 h3 55. Kh1 e3 56. Kg1 e2 57. Kh1 e1=Q# 0-1


[Site "https://www.chess.com"]

[Event "Titled Tuesday Blitz April 11 Early 2023"]
[White "Escanor89"]
[Black "MANOJ_MISHRA123"]
[WhiteElo "2552"]
[BlackElo "2095"]
[Result "1-0"]
[Round "01"]
[TimeControl "180+2"]
[Date "2023.04.11"]
[WhiteClock "0:00:11"]
[BlackClock "0:00:01"]

1. c4 e5 2. Nc3 c6 3. d4 exd4 4. Qxd4 Nf6 5. Bg5 Be7 6. Rd1 O-O 7. Nf3 Na6 8. e3 Nc7 9. Qd2 d5 10. Be2 h6 11. Bh4 Be6 12. Qc2 Qc8 13. cxd5 Ncxd5 14. O-O Nxc3 15. Qxc3 Qc7 16. a3 Rfd8 17. Bg3 Qb6 18. Nd4 Ne4 19. Qc2 Nxg3 20. hxg3 Bd5 21. Rd2 Bf6 22. Rfd1 Bxd4 23. Rxd4 g6 24. Qd2 Re8 25. Rh4 Bb3 26. Rb4 Bxd1 27. Rxb6 axb6 28. Qxd1 Rad8 29. Qb3 b5 30. Qc3 Re6 31. g4 Red6 32. g3 Rd2 33. Bf3 R2d3 34. Qb4 Rd2 35. Kg2 Rc2 36. Be4 Rc1 37. Qe7 Rdd1 38. Qxb7 Rd2 39. Qe7 Rxb2 40. Qf6 Rd2 41. Bxc6 Rcc2 42. Bxb5 Rb2 43. Be8 Rb7 44. a4 Ra2 45. Bc6 Rc7 46. Bd5 Rac2 47. Qxg6+ Kf8 48. Qxh6+ Ke8 49. Qh8+ Ke7 50. Qe5+ Kf8 51. a5 Rd2 52. a6 Rcc2 53. Qd6+ Kg7 54. Qe5+ Kf8 55. g5 Rxf2+ 56. Kh3 Rh2+ 57. Kg4 Rb2 58. a7 Rb4+ 59. e4 1-0


[Site "https://www.chess.com"]

[Event "Titled Tuesday Blitz April 11 Early 2023"]
[White "Necula, Iulian"]
[Black "Sharapov, Evgeny"]
[WhiteFideId "1232380"]
[BlackFideId "14103133"]
[WhiteElo "1790"]
[BlackElo "2367"]
[Result "0-1"]
[Round "01"]
[TimeControl "180+2"]
[Date "2023.04.11"]
[WhiteClock "0:00:02"]
[BlackClock "0:01:33"]

1. d4 Nf6 2. Nc3 d5 3. Bf4 c6 4. e3 Qb6 5. a3 g6 6. h4 h5 7. Nf3 Bg7 8. Ne5 Bf5 9. Bd3 Bxd3 10. Nxd3 Nbd7 11. O-O O-O 12. b4 Ne4 13. Nxe4 dxe4 14. Nc5 Nxc5 15. bxc5 Qa6 16. g4 hxg4 17. Qxg4 b6 18. cxb6 axb6 19. h5 Qc8 20. Qxc8 Rfxc8 21. hxg6 fxg6 22. Rfb1 b5 23. Rb3 Ra4 24. c3 Rca8 25. Bg5 Kf7 26. Kg2 e6 27. f3 exf3+ 28. Kxf3 Bf8 29. c4 Rxa3 30. Raxa3 Rxa3 31. Rxa3 Bxa3 32. cxb5 cxb5 33. e4 Bb2 34. d5 exd5 35. exd5 Ke8 36. Bd2 Kd7 37. Bb4 Be5 38. Ke4 Bd6 39. Bc3 Ke7 40. Bb2 Kf7 41. Bc3 Kg8 42. Bb2 Kf7 43. Bc3 b4 44. Bb2 Be7 45. Kd3 Bf6 46. Bc1 b3 47. Ba3 Ke8 48. Ke4 Kd7 49. Kd3 Bg7 50. Bc5 Ke8 51. Ba3 Kf7 52. Bc5 g5 53. Be3 g4 54. Bf4 Kg6 55. d6 Kf7 56. Bg3 Ke6 57. Bf4 Bf8 58. Bg3 Bxd6 59. Be1 Be5 60. Bf2 Kf5 61. Bg1 g3 62. Kd2 Ke4 63. Kd1 Kd3 64. Bc5 b2 0-1


[Site "https://www.chess.com"]

[Event "Titled Tuesday Blitz April 11 Early 2023"]
[White "Ljukin, Sergei"]
[Black "Winkels, Marcel"]
[WhiteFideId "14102200"]
[BlackFideId "1003887"]
[WhiteElo "2312"]
[BlackElo "1900"]
[Result "1-0"]
[Round "01"]
[TimeControl "180+2"]
[Date "2023.04.11"]
[WhiteClock "0:00:43"]
[BlackClock "0:00:01"]

1. e4 c5 2. Nf3 d6 3. d4 cxd4 4. Nxd4 Nf6 5. Nc3 a6 6. Bg5 e6 7. f4 Be7 8. Qf3 Nbd7 9. O-O-O Qc7 10. g4 h6 11. Bxf6 Bxf6 12. h4 Nb6 13. g5 Bxd4 14. Rxd4 Qc5 15. Rd2 Bd7 16. Be2 O-O-O 17. Rhd1 Bc6 18. Qg4 hxg5 19. hxg5 g6 20. Bd3 Nc4 21. Bxc4 Qxc4 22. Rd4 Qc5 23. Qe2 e5 24. Rc4 Qa5 25. a3 exf4 26. Nd5 Kb8 27. Qf2 Bxd5 28. exd5 Rc8 29. Rxf4 Qc5 30. Qxc5 Rxc5 31. Rxf7 Rh2 32. c3 Rb5 33. b4 Rg2 34. Rf6 Rxg5 35. Rxd6 Kc7 36. Rf6 Rbxd5 37. Rxd5 Rxd5 38. Rxg6 Rd3 39. Kc2 Rf3 40. a4 Rf2+ 41. Kb3 Rf3 42. Rg7+ Kb6 43. Rg6+ Kc7 44. b5 axb5 45. axb5 Rf4 46. b6+ Kc8 47. c4 1-0


[Site "https://www.chess.com"]

[Event "Titled Tuesday Blitz April 11 Early 2023"]
[White "Hartikainen, Jarmo"]
[Black "Demin, Vladimir"]
[WhiteFideId "503134"]
[BlackFideId "4167457"]
[WhiteElo "2068"]
[BlackElo "2550"]
[Result "0-1"]
[Round "01"]
[TimeControl "180+2"]
[Date "2023.04.11"]
[WhiteClock "0:01:41"]
[BlackClock "0:02:11"]

1. e4 e5 2. Nf3 Nc6 3. Bc4 Bc5 4. c3 Nf6 5. d4 exd4 6. b4 Bb6 7. e5 d5 8. exf6 dxc4 9. Qe2+ Be6 10. fxg7 Rg8 11. Bg5 Qd5 12. b5 d3 13. Qd2 Ne5 14. Bf6 Nxf3+ 15. gxf3 Qxf3 16. Rg1 Qxf6 0-1


[Site "https://www.chess.com"]

[Event "Titled Tuesday Blitz April 11 Early 2023"]
[White "Aggelis, Nikolaos"]
[Black "Sanchez, Robert"]
[WhiteFideId "4213220"]
[BlackFideId "2034360"]
[WhiteElo "2189"]
[BlackElo "2007"]
[Result "1-0"]
[Round "01"]
[TimeControl "180+2"]
[Date "2023.04.11"]
[WhiteClock "0:01:10"]
[BlackClock "0:00:48"]

1. e4 e6 2. d4 d5 3. exd5 exd5 4. Nf3 Nf6 5. g3 Bd6 6. Bg2 O-O 7. O-O h6 8. Bd2 c6 9. a3 Bf5 10. Bb4 Na6 11. Bxd6 Qxd6 12. Nbd2 Rfe8 13. c3 Bd3 14. Re1 Rxe1+ 15. Nxe1 Bg6 16. Ndf3 Re8 17. Ne5 Nd7 18. N1d3 Bf5 19. Qb3 b5 20. a4 Nc7 21. axb5 Nxb5 22. Nxd7 Bxd3 23. Nc5 Bc4 24. Qd1 Re2 25. Qc1 Qf6 26. f4 Nxd4 27. cxd4 Qxd4+ 28. Kh1 Qxc5 29. Bf1 Qf2 1-0


[Site "https://www.chess.com"]

[Event "Titled Tuesday Blitz April 11 Early 2023"]
[White "Aung Thant Zin"]
[Black "Borrmann, Laurenz"]
[WhiteFideId "13000063"]
[BlackFideId "312187930"]
[WhiteElo "2278"]
[BlackElo "2312"]
[Result "0-1"]
[Round "01"]
[TimeControl "180+2"]
[Date "2023.04.11"]
[WhiteClock "0:01:12"]
[BlackClock "0:01:23"]

1. e4 c5 2. Nf3 e6 3. d4 cxd4 4. Nxd4 a6 5. Nc3 Qc7 6. Bd3 Nc6 7. Be3 Nf6 8. h3 Ne5 9. O-O Nxd3 10. cxd3 Be7 11. Rc1 Qb8 12. f4 d6 13. a4 O-O 14. a5 Bd7 15. Kh1 Rc8 16. Qe2 Bd8 17. Nc2 Bxa5 18. d4 Bxc3 19. bxc3 Nxe4 20. d5 Ng3+ 0-1


[Site "https://www.chess.com"]

[Event "Titled Tuesday Blitz April 11 Early 2023"]
[White "Odegov, Artem"]
[Black "NtcPou"]
[WhiteFideId "34183644"]
[WhiteElo "2300"]
[BlackElo "1977"]
[Result "1-0"]
[Round "01"]
[TimeControl "180+2"]
[Date "2023.04.11"]
[WhiteClock "0:02:02"]
[BlackClock "0:01:14"]

1. d4 d5 2. c4 c6 3. Nc3 Nf6 4. Nf3 a6 5. cxd5 cxd5 6. Bf4 Nc6 7. e3 Ne4 8. Be2 Nxc3 9. bxc3 g6 10. O-O Bg7 11. c4 dxc4 12. Bxc4 O-O 13. Rb1 b5 14. Bd3 Bg4 15. h3 Be6 16. Qd2 Rc8 17. Rfc1 Na5 18. Rxc8 Bxc8 19. Rc1 Be6 20. Bc7 Qd5 21. Bxa5 Qxa2 22. Qxa2 Bxa2 23. Rc6 Bd5 24. Rc5 e6 25. Kf1 Rb8 26. Ne5 Bf8 27. Rc1 Rb7 28. e4 Bb3 29. Nc6 Ba4 30. Nb4 Ra7 31. d5 Bxb4 32. Bxb4 a5 33. Rc8+ Kg7 34. Bc3+ Kh6 35. d6 b4 36. Bb2 Bd7 37. Rc7 Rxc7 38. dxc7 a4 39. Bc4 Kg5 40. g3 f5 41. e5 Kh6 42. f4 Kg7 43. Ke2 Kf7 44. Kd2 Ke7 45. Bd4 Bc8 46. Bc5+ Kd7 47. Bb5+ Kxc7 48. Bxa4 Bb7 49. Bxb4 Bd5 50. Kc3 h5 51. h4 Kb6 52. Be8 1-0


[Site "https://www.chess.com"]

[Event "Titled Tuesday Blitz April 11 Early 2023"]
[White "Lohani, Sujana"]
[Black "Przybylski, Wojciech"]
[WhiteFideId "12311987"]
[BlackFideId "1117599"]
[WhiteElo "1718"]
[BlackElo "2222"]
[Result "0-1"]
[Round "01"]
[TimeControl "180+2"]
[Date "2023.04.11"]
[WhiteClock "0:00:08"]
[BlackClock "0:00:47"]

1. d4 Nf6 2. Nf3 g6 3. c4 d5 4. g3 Bg7 5. Bg2 O-O 6. O-O Bf5 7. Nc3 Nc6 8. cxd5 Nb4 9. Nh4 Bg4 10. Qb3 a5 11. a3 Na6 12. Qxb7 Qd6 13. Nb5 Qd7 14. Nc3 Rfd8 15. e3 Ne8 16. Qc6 Qc8 17. Nf3 Rb8 18. Qc4 Nd6 19. Qd3 c5 20. dxc5 Nxc5 21. Qc2 Nb3 22. Rb1 Bf5 23. e4 Bxe4 0-1


[Site "https://www.chess.com"]

[Event "Titled Tuesday Blitz April 11 Early 2023"]
[White "Gurevich, Dmitry"]
[Black "Vargas, Mauricio"]
[WhiteFideId "2000407"]
[BlackFideId "4404572"]
[WhiteElo "2506"]
[BlackElo "1998"]
[Result "1-0"]
[Round "01"]
[TimeControl "180+2"]
[Date "2023.04.11"]
[WhiteClock "0:01:35"]
[BlackClock "0:00:50"]

1. d4 c5 2. d5 d6 3. Nc3 a6 4. a4 b6 5. e4 e6 6. Nf3 e5 7. Be2 f5 8. exf5 Bxf5 9. Bd3 Bc8 10. Ng5 Nf6 11. O-O Qe7 12. f4 h6 13. Bg6+ Kd8 14. Nf7+ Kc7 15. fxe5 dxe5 16. d6+ Qxd6 17. Nxd6 Bxd6 18. Nd5+ Nxd5 19. Qxd5 Bb7 20. Rf7+ Nd7 21. Rxd7+ Kxd7 22. Qxb7+ Ke6 23. Qf7# 1-0


[Site "https://www.chess.com"]

[Event "Titled Tuesday Blitz April 11 Early 2023"]
[White "Semenova, Alina"]
[Black "Arias, Juan Cruz"]
[WhiteFideId "24113875"]
[BlackFideId "118540"]
[WhiteElo "1833"]
[BlackElo "2243"]
[Result "0-1"]
[Round "01"]
[TimeControl "180+2"]
[Date "2023.04.11"]
[WhiteClock "0:00:02"]
[BlackClock "0:01:31"]

1. e4 c6 2. d4 d5 3. Nc3 dxe4 4. Nxe4 Bf5 5. Ng3 Bg6 6. Nf3 Nd7 7. h4 h6 8. Bd3 Bxd3 9. Qxd3 Ngf6 10. Bf4 Qa5+ 11. c3 e6 12. O-O Be7 13. b4 Qa4 14. Rfe1 O-O 15. Nf5 Rfe8 16. Nxe7+ Rxe7 17. Bd6 Ree8 18. Ne5 Rad8 19. Qf3 Qc2 20. Re2 Qh7 21. g4 g6 22. c4 Qg7 23. Rae1 Nb6 24. Bc7 Rc8 25. Bxb6 axb6 26. g5 hxg5 27. hxg5 Nh5 28. Kg2 Rcd8 29. Re4 Rd6 30. c5 Rd5 31. cxb6 Red8 32. Rd1 Qf8 33. a3 Qe7 34. Qg4 Ng7 35. f4 Nf5 36. Rh1 Qf8 37. Qh3 Qg7 38. Rd1 Rxd4 39. Rexd4 Rxd4 40. Rxd4 Nxd4 41. Qd3 Nf5 42. Qd8+ Qf8 43. Qd7 Nd6 44. Nd3 Nc4 45. Qc7 Qg7 46. Kf3 Qd4 47. Qd8+ Qxd8 0-1


[Site "https://www.chess.com"]

[Event "Titled Tuesday Blitz April 11 Early 2023"]
[White "Nakamura, Hikaru"]
[Black "EREBUNI91"]
[WhiteFideId "2016192"]
[WhiteElo "2885"]
[BlackElo "2662"]
[Result "1-0"]
[Round "02"]
[TimeControl "180+2"]
[Date "2023.04.11"]
[WhiteClock "0:01:04"]
[BlackClock "0:00:34"]

1. Nf3 Nf6 2. b3 b6 3. d3 Bb7 4. e4 e6 5. g3 d5 6. e5 Nfd7 7. d4 c5 8. c3 Nc6 9. Bb5 a6 10. Bd3 b5 11. a3 Qb6 12. Bc2 cxd4 13. cxd4 b4 14. a4 a5 15. O-O Ba6 16. Re1 Be7 17. h4 h6 18. h5 O-O-O 19. Be3 Rdg8 20. Nbd2 g6 21. hxg6 fxg6 22. Rc1 Kb7 23. Nc4 Qc7 24. Nd6+ Bxd6 25. exd6 Qxd6 26. Bf4 Qe7 27. Bd3 Ndb8 28. Bxa6+ Nxa6 29. Qe2 Ncb8 30. Qb5+ Ka8 31. Qxa5 Kb7 32. Bxb8 Rxb8 33. Ne5 Qd8 34. Qb5+ Qb6 35. Qxb6+ Kxb6 36. Nd7+ Kb7 37. Nxb8 Nxb8 38. Rxe6 Rf8 39. a5 Rf3 40. Rb6+ Ka7 41. Rc7+ 1-0


[Site "https://www.chess.com"]

[Event "Titled Tuesday Blitz April 11 Early 2023"]
[White "Arifarsky"]
[Black "So, Wesley"]
[BlackFideId "5202213"]
[WhiteElo "2660"]
[BlackElo "2749"]
[Result "0-1"]
[Round "02"]
[TimeControl "180+2"]
[Date "2023.04.11"]
[WhiteClock "0:00:21"]
[BlackClock "0:00:26"]

1. d4 d5 2. Nf3 e6 3. Bf4 Bd6 4. Bg3 Nf6 5. Nbd2 O-O 6. e3 c5 7. c3 b6 8. Bd3 Ba6 9. Bxa6 Nxa6 10. Bxd6 Qxd6 11. Ne5 Nc7 12. O-O Rad8 13. Qa4 a6 14. Qc6 Qxc6 15. Nxc6 Rd6 16. Ne5 Rc8 17. Rfc1 Kf8 18. Kf1 Rdd8 19. a4 Nce8 20. a5 b5 21. Nb3 c4 22. Nc5 Ra8 23. Ke2 Ne4 24. Nxe4 dxe4 25. f3 Nd6 26. Rf1 f6 27. Nc6 Rdc8 28. Nb4 Ke7 29. fxe4 Nxe4 30. Rf4 f5 31. Rg1 h5 32. Rf3 Kd6 33. Rgf1 g6 34. Rg1 Nf6 35. h3 Rh8 36. Rg3 Rh6 37. Rb1 Ne4 38. Rf3 g5 39. Rh1 g4 40. hxg4 fxg4 41. Rff1 Ng3+ 42. Kd2 Nxh1 43. Rxh1 Rf6 44. Ke1 Rh6 45. g3 Rf8 46. Nxa6 Rf3 47. Nc5 Rxe3+ 48. Kd2 Rf3 49. a6 Rh8 50. a7 Rf2+ 51. Ke3 Rf3+ 52. Ke4 Ra8 53. Rxh5 Rxa7 54. Rh6 Re7 55. Rg6 Rxg3 56. Kf4 Rg2 57. Ne4+ Kc6 58. Ke5 Kc7 59. Nc5 Rxb2 60. Nxe6+ Rxe6+ 61. Kd5 Rxg6 0-1


[Site "https://www.chess.com"]

[Event "Titled Tuesday Blitz April 11 Early 2023"]
[White "Andreikin, Dmitry"]
[Black "Di Nicolantonio, Lucas"]
[WhiteFideId "4158814"]
[BlackFideId "680460"]
[WhiteElo "2736"]
[BlackElo "2358"]
[Result "1-0"]
[Round "02"]
[TimeControl "180+2"]
[Date "2023.04.11"]
[WhiteClock "0:02:18"]
[BlackClock "0:01:59"]

1. Nf3 d5 2. d4 Nf6 3. c4 c6 4. e3 e6 5. Bd3 Be7 6. O-O O-O 7. Nbd2 Nbd7 8. b3 dxc4 9. bxc4 c5 10. Bb2 b6 11. Qe2 Bb7 12. Rfd1 cxd4 13. exd4 Qc7 14. Rac1 Rac8 15. d5 exd5 16. Qxe7 1-0


[Site "https://www.chess.com"]

[Event "Titled Tuesday Blitz April 11 Early 2023"]
[White "Souleidis, Georgios"]
[Black "Vachier-Lagrave, Maxime"]
[WhiteFideId "4206827"]
[BlackFideId "623539"]
[WhiteElo "2401"]
[BlackElo "2740"]
[Result "0-1"]
[Round "02"]
[TimeControl "180+2"]
[Date "2023.04.11"]
[WhiteClock "0:00:01"]
[BlackClock "0:00:49"]

1. e4 c5 2. Be2 g6 3. d3 Bg7 4. f4 Nc6 5. Nf3 d6 6. O-O e6 7. c3 Nge7 8. Be3 b6 9. d4 Bb7 10. Bd3 O-O 11. Nbd2 Rc8 12. a3 a6 13. Qe2 b5 14. dxc5 dxc5 15. Bxc5 Qc7 16. Be3 Rfd8 17. Rad1 h6 18. Nb3 Na5 19. Nxa5 Qxa5 20. Bd4 Bxd4+ 21. Nxd4 Qb6 22. Kh1 Nc6 23. Nxc6 Qxc6 24. f5 exf5 25. exf5 g5 26. Bc2 Re8 27. Qf2 Qf6 28. Rfe1 Rxe1+ 29. Rxe1 Rd8 30. h3 h5 31. Qe2 Kg7 32. Bb3 g4 33. hxg4 Rh8 34. g5 Qxg5 35. f6+ Kh6 36. Qe3 Bxg2+ 37. Kh2 Ba8 38. Qxg5+ Kxg5 39. Bxf7 Kxf6 40. Bb3 a5 41. Re6+ Kf5 42. Rb6 Kg4 43. Rxb5 Rd8 44. Be6+ Kh4 45. Bf7 Bf3 0-1


[Site "https://www.chess.com"]

[Event "Titled Tuesday Blitz April 11 Early 2023"]
[White "Duda, Jan-Krzysztof"]
[Black "Belozerov, Andrei"]
[WhiteFideId "1170546"]
[BlackFideId "4120213"]
[WhiteElo "2790"]
[BlackElo "2373"]
[Result "1-0"]
[Round "02"]
[TimeControl "180+2"]
[Date "2023.04.11"]
[WhiteClock "0:00:28"]
[BlackClock "0:00:10"]

1. d4 d5 2. c4 e6 3. Nf3 Nf6 4. h3 dxc4 5. e3 c5 6. Bxc4 a6 7. O-O Nc6 8. Nc3 b5 9. Bd3 Bb7 10. a4 b4 11. Ne4 Na5 12. Nxc5 Bxc5 13. dxc5 Be4 14. Bxe4 Qxd1 15. Bc6+ Nxc6 16. Rxd1 Rd8 17. Bd2 Ke7 18. Rac1 Rd5 19. Nd4 Nxd4 20. exd4 a5 21. Be3 Rc8 22. Kf1 Kd7 23. Ke2 Kc6 24. Kd3 e5 25. Ke2 e4 26. g4 Rd7 27. g5 Nd5 28. Rg1 Re8 29. Rg4 Re6 30. Rh4 f5 31. gxf6 Nxf6 32. Rg1 Nd5 33. Rxh7 g6 34. Rh6 Rg7 35. h4 Kd7 36. h5 g5 37. Rxe6 Kxe6 38. Rxg5 Rxg5 39. Bxg5 b3 40. h6 Kf7 41. c6 Nc3+ 42. Ke3 Nxa4 43. c7 Nb6 44. Kxe4 a4 45. Bc1 Kg6 46. d5 Nc8 47. Ke5 1-0


[Site "https://www.chess.com"]

[Event "Titled Tuesday Blitz April 11 Early 2023"]
[White "Mamedov, Edgar"]
[Black "Lazavik, Denis"]
[WhiteFideId "13739980"]
[BlackFideId "13515110"]
[WhiteElo "2330"]
[BlackElo "2560"]
[Result "0-1"]
[Round "02"]
[TimeControl "180+2"]
[Date "2023.04.11"]
[WhiteClock "0:00:20"]
[BlackClock "0:01:34"]

1. d4 f5 2. c4 Nf6 3. Nf3 g6 4. g3 Bg7 5. Bg2 O-O 6. O-O d6 7. Nc3 c6 8. b3 Qc7 9. Bb2 e5 10. dxe5 dxe5 11. e4 Na6 12. Qe2 Nc5 13. exf5 e4 14. Ng5 Bxf5 15. f3 exf3 16. Qxf3 Nd3 17. Ne6 Qb6+ 18. Kh1 Nxb2 19. Nxf8 Rxf8 20. Qe2 Nd3 21. Na4 Qd4 22. Rad1 Ng4 23. Bf3 Ngf2+ 24. Kg2 Bh3+ 25. Kg1 Nxd1+ 26. Kh1 Bxf1 0-1


[Site "https://www.chess.com"]

[Event "Titled Tuesday Blitz April 11 Early 2023"]
[White "Le, Tuan Minh"]
[Black "Belov, Alexei"]
[WhiteFideId "12401153"]
[BlackFideId "4128206"]
[WhiteElo "2566"]
[BlackElo "2648"]
[Result "1-0"]
[Round "02"]
[TimeControl "180+2"]
[Date "2023.04.11"]
[WhiteClock "0:00:56"]
[BlackClock "0:00:32"]

1. d4 e6 2. Nf3 d5 3. Bf4 Bd6 4. Bg3 Ne7 5. e3 b6 6. c4 Bxg3 7. hxg3 Bb7 8. Nc3 Nd7 9. Rc1 c5 10. cxd5 Nxd5 11. Bd3 h6 12. Bb1 Rc8 13. Nb5 O-O 14. Nd6 Rb8 15. Nxb7 Rxb7 16. Qd3 f5 17. O-O Qe7 18. e4 fxe4 19. Qxe4 N7f6 20. Qe2 Rc7 21. dxc5 Rxc5 22. Rxc5 bxc5 23. Re1 Re8 24. Ne5 Qd6 25. Bg6 Re7 26. b3 Nb4 27. Nc4 Qa6 28. a3 Nc6 29. Rd1 Nd4 30. Qe5 Qb5 31. Rxd4 1-0


[Site "https://www.chess.com"]

[Event "Titled Tuesday Blitz April 11 Early 2023"]
[White "Munkhgal, Gombosuren"]
[Black "Bortnyk, Olexandr"]
[WhiteFideId "4901266"]
[BlackFideId "14120828"]
[WhiteElo "2528"]
[BlackElo "2734"]
[Result "0-1"]
[Round "02"]
[TimeControl "180+2"]
[Date "2023.04.11"]
[WhiteClock "0:00:02"]
[BlackClock "0:00:03"]

1. d4 d6 2. e4 Nf6 3. Nc3 Nbd7 4. f4 e5 5. Nf3 exd4 6. Qxd4 c6 7. Bc4 d5 8. exd5 Bc5 9. Qd3 O-O 10. Bd2 Re8+ 11. Ne2 Ne4 12. dxc6 Bf2+ 13. Kf1 bxc6 14. Nc3 Nxd2+ 15. Kxf2 Qb6+ 16. Kg3 Nxc4 17. Qxc4 Nf6 18. h3 Ba6 19. Qb3 Qe3 20. Rhe1 Nh5+ 21. Kh2 Qxf4+ 22. Kg1 Ng3 23. Qa4 Qxa4 24. Nxa4 Bc4 25. Nc5 Bd5 26. Kf2 Nf5 27. c3 a5 28. g4 Nd6 29. b3 f6 30. c4 Ne4+ 31. Nxe4 Bxe4 32. Re3 a4 33. Rae1 axb3 34. axb3 Bg6 35. Rxe8+ Bxe8 36. Re7 Kf8 37. Rb7 c5 38. Rc7 Ra2+ 39. Ke3 Rb2 40. Nd2 Rc2 41. Rxc5 Rc3+ 42. Kd4 Rxh3 43. b4 Bg6 44. Ne4 Rf3 45. Rc8+ Ke7 46. Nc5 Rf4+ 47. Kd5 Bf7+ 48. Kc6 Rxc4 49. Rc7+ Kf8 50. b5 Be8+ 51. Kd6 Bxb5 52. Ne6+ Kg8 53. Rxg7+ Kh8 54. Rf7 Rxg4 55. Rf8+ Rg8 56. Rxf6 Bc4 57. Nf8 Kg7 58. Rf4 Rxf8 59. Rxc4 h5 60. Ke5 Kg6 61. Rc6+ Kg5 62. Rc7 Re8+ 63. Kd4 h4 64. Rg7+ Kf4 65. Kd3 h3 66. Rf7+ Kg3 67. Rg7+ Kf2 68. Rf7+ Kg2 69. Rg7+ Kh1 70. Kd2 Re5 71. Kd1 Kh2 72. Kd2 Re8 73. Kd1 Re3 74. Kd2 Rg3 75. Re7 Kg2 76. Re2+ Kf3 77. Re3+ Kf4 78. Re8 Rg2+ 79. Re2 Rxe2+ 80. Kxe2 h2 0-1


[Site "https://www.chess.com"]

[Event "Titled Tuesday Blitz April 11 Early 2023"]
[White "Hakobyan, Aram"]
[Black "Papp, Levente"]
[WhiteFideId "13306677"]
[BlackFideId "751243"]
[WhiteElo "2584"]
[BlackElo "2380"]
[Result "1-0"]
[Round "02"]
[TimeControl "180+2"]
[Date "2023.04.11"]
[WhiteClock "0:00:16"]
[BlackClock "0:00:08"]

1. d4 Nf6 2. c4 b6 3. Nc3 Bb7 4. Qc2 d6 5. e4 g6 6. Be2 Bg7 7. Nf3 e5 8. d5 a5 9. O-O O-O 10. Ne1 Nfd7 11. Nd3 Na6 12. a3 Nac5 13. Rb1 a4 14. Be3 Nb3 15. Nxa4 Nd4 16. Bxd4 exd4 17. b4 Qe7 18. c5 bxc5 19. bxc5 Ba6 20. c6 Bxd3 21. Bxd3 Ne5 22. Bb5 Rfb8 23. h3 Ra5 24. Bc4 Rxb1 25. Rxb1 Nxc4 26. Qxc4 Qxe4 27. Rb8+ Bf8 28. Nb6 Kg7 29. Nd7 Be7 30. Qb4 Rxd5 31. Re8 Qe6 32. Qb3 d3 33. Rxe7 d2 34. Qc3+ Kh6 35. Rxe6 d1=Q+ 36. Re1 Qd2 37. Qxd2+ Rxd2 38. Ra1 Rc2 39. a4 Rxc6 40. a5 Ra6 41. Nb8 Ra8 42. Nc6 1-0


[Site "https://www.chess.com"]

[Event "Titled Tuesday Blitz April 11 Early 2023"]
[White "Megalios, Konstantinos"]
[Black "Paravyan, David"]
[WhiteFideId "4238044"]
[BlackFideId "4194985"]
[WhiteElo "2277"]
[BlackElo "2563"]
[Result "0-1"]
[Round "02"]
[TimeControl "180+2"]
[Date "2023.04.11"]
[WhiteClock "0:00:03"]
[BlackClock "0:01:28"]

1. Nf3 Nf6 2. c4 c5 3. d4 cxd4 4. Nxd4 Nc6 5. Nc3 e6 6. a3 Be7 7. e4 O-O 8. Nf3 Qa5 9. Bd2 Qh5 10. Be2 d5 11. cxd5 exd5 12. exd5 Nxd5 13. Nd4 Qe5 14. Nxd5 Qxd5 15. Nxc6 Qxc6 16. Bf3 Qe6+ 17. Qe2 Qxe2+ 18. Kxe2 Bf6 19. Be3 Bxb2 20. Ra2 Bf6 21. Rb1 Be6 22. Rd2 Bc3 23. Rd6 Bc4+ 24. Kd1 Rad8 25. Rxd8 Rxd8+ 26. Kc1 b6 27. Be4 Bd4 28. Bxd4 Rxd4 29. f3 Be6 30. Kc2 Kf8 31. Kc3 Rc4+ 32. Kd3 Ra4 33. Ra1 Ke7 34. Bc6 Ra5 35. a4 Bd7 0-1


[Site "https://www.chess.com"]